 Dungeon Crawl Stone Soup version 0.25-a0-589-g1e14c54 (webtiles) character file.

Game seed: 1201777244192385662, levelgen mode: deterministic

2983 Faels the Cutter (level 9, 0/61 HPs)
             Began as a Demonspawn Assassin on Mar 12, 2020.
             Was a Believer of Okawaru.
             Slain by an orc warrior
             ... wielding a +0 glaive
              (16 damage)
             ... on level 7 of the Dungeon.
             The game lasted 00:27:26 (8719 turns).

Faels the Cutter (Demonspawn Assassin)              Turns: 8719, Time: 00:27:26

Health: 0/61       AC:  8    Str: 12    XL:     9   Next: 53%
Magic:  0/9        EV: 17    Int: 12    God:    Okawaru [**....]
Gold:   113        SH: 19    Dex: 18    Spells: 8/8 levels left

rFire    . . .     SeeInvis +   L - +1 long sword (flame)
rCold    + . .     Gourm    .   m - +3 tower shield
rNeg     . . .     Faith    +   M - +0 steam dragon scales
rPois    .         Spirit   +   (no helmet)
rElec    .         Reflect  .   c - +0 cloak
rCorr    .         Harm     .   h - +0 pair of gloves (curse)
MR       .....                  (boots unavailable)
Stlth    +++++.....             N - amulet of faith
HPRegen  0.20/turn              l - ring of protection from cold
MPRegen  0.11/turn              E - ring of see invisible

@: heroism
A: hooves 3, nightstalker 1, magic shield
a: Heroism, Renounce Religion


You were on level 7 of the Dungeon.
You worshipped Okawaru.
Okawaru was pleased with you.
You were not hungry.

You visited 2 branches of the dungeon, and saw 8 of its levels.
You also visited: Sewer.

You collected 371 gold pieces.
You spent 258 gold pieces at shops.

Inventory:

Hand Weapons
 a - a +2 dagger
 r - a +2 falchion of holy wrath
 y - a +0 scimitar
 B - a +2 flail of draining
 H - a +0 long sword of protection
 L - a +1 long sword of flaming (weapon)
Missiles
 e - 2 curare-tipped darts
 g - 17 poisoned darts (quivered)
 k - 9 boomerangs
 D - 8 javelins
Armour
 b - a +0 robe
 c - a +0 cloak (worn)
 h - a cursed +0 pair of gloves (worn)
 m - a +3 tower shield (worn)
 o - a +0 ring mail
 s - a +2 scale mail of magic resistance
 M - +0 steam dragon scales (worn)
Jewellery
 l - a ring of protection from cold (left hand)
 t - an uncursed amulet of regeneration
 C - a +2 ring of intelligence
 E - a ring of see invisible (right hand)
 N - an amulet of faith (around neck)
Wands
 I - a wand of paralysis (11)
Scrolls
 d - 7 scrolls of teleportation
 j - 5 scrolls of amnesia
 n - 3 scrolls of remove curse
 p - a scroll of enchant armour
 u - a scroll of blinking
 x - a scroll of enchant weapon
 F - a scroll of immolation
 K - a scroll of random uselessness {unknown}
 P - a scroll of identify
Potions
 i - 2 potions of haste {unknown}
 q - 2 potions of lignification
 v - a potion of invisibility {unknown}
 w - a potion of degeneration
 z - a potion of resistance {unknown}
 G - a potion of heal wounds
 J - a potion of might {unknown}
 O - a potion of flight {unknown}
Comestibles
 f - 13 rations
 A - 2 chunks of flesh


   Skills:
 - Level 2.0(7.0) Fighting
 - Level 7.7(13.7) Short Blades
 * Level 6.3(13.1) Long Blades
 - Level 1.7(6.7) Throwing
 - Level 4.9(9.9) Dodging
 - Level 3.6(8.6) Stealth
 - Level 4.8(9.8) Shields


You had 8 spell levels left.
You didn't know any spells.
Your spell library contained the following spells:

 Spells                   Type           Power        Failure   Level  Hunger
 Beastly Appendage        Tmut           #.....       93%         1    ##.....
 Corona                   Hex            #......      93%         1    ##.....
 Slow                     Hex            #.......     98%         2    ###....
 Sticks to Snakes         Tmut           #.......     98%         2    ###....
 Inner Flame              Hex/Fire       #.......     100%        3    ####...
 Portal Projectile        Hex/Tloc       #.....       100%        3    ####...
 Spider Form              Tmut/Pois      #.........   100%        3    ####...
 Cause Fear               Hex            #.........   100%        4    #####..
 Ice Form                 Ice/Tmut       #.......     100%        4    #####..
 Leda's Liquefaction      Hex/Erth       #.........   100%        4    #####..
 Blade Hands              Tmut           #.........   100%        5    ######.


Dungeon Overview and Level Annotations

Branches:
Dungeon (7/15)             Temple (1/1) D:6           Sewer (visited)

Altars:
Ashenzari
Cheibriados
Dithmenos
Elyvilon
Fedhas
Gozag
Hepliaklqana
Kikubaaqudgha
Makhleb
Nemelex Xobeh
Okawaru
Qazlal
Ru
Sif Muna
Trog
Uskayaw
Vehumet
Wu Jian
Xom
Yredelemnul
Zin
The Shining One

Shops:
D:5 ?   D:7 %

Annotations:
D:2 2 transporters
D:6 3 runed translucent doors, Guenter's ghost, novice VSWn


Innate Abilities, Weirdness & Mutations

You have hooves in place of feet.
You are slightly more attuned to the shadows.
When hurt, damage is shared between your health and your magic reserves.


Message History

You block the orc wizard's attack. The orc warrior barely misses you.
The orc wizard barely misses you.
You riposte.
You hit the orc wizard. You burn the orc wizard.
You kill the orc wizard!
Okawaru accepts your kill.
The orc warrior hits you from afar with a +0 glaive!!
The orc warrior hits you with a +0 glaive!!
* * * LOW HITPOINT WARNING * * *
Things that are here:
a +0 leather armour; an orc skeleton You gain the combat prowess of a mighty hero.
You block the orc warrior's attack. You block the orc warrior's attack.
Things that are here:
a +0 leather armour; an orc skeleton You hit the orc warrior but do no damage.
You kick the orc warrior.
The orc warrior is moderately wounded.
The orc warrior hits you with a +0 glaive!
You die...

<#.#.........##.......
.#.#.....#...##.......
.#.#.##..#...##.......
##...##......##......
########.##.......# #
#.##.....#.## #
#.##..#.....## .#
#.##..####...###.###
#.##.....@o..#○o..§#
...#.#####...#.....#
#.# #....)._... ..
####...#.....#
#......#○...☼#
#.#.#..###.### #
#....# ... #.∩†#..#
#.# ........# ..


You could see an orc warrior.

Vanquished Creatures
  Maggie (D:6)
  Edmund (D:4)
  Duvessa (D:6)
  A sky beast (D:7)
  A black bear (D:6)
  2 orc warriors
  2 ogres
  2 centaurs
  A big kobold (D:5)
  5 bullfrogs
  A wyvern zombie (D:6)
  Dowan (D:6)
  5 scorpions
  2 howler monkeys
  3 wights
  A bullfrog zombie (D:5)
  2 crimson imps (D:5)
  A hound (D:5)
  2 bullfrog skeletons
  4 orc priests
  4 orc wizards
  Terence (D:3)
  A centaur skeleton (D:6)
  A worker ant (D:5)
  A hound skeleton (D:6)
  A worker ant zombie (D:6)
  7 gnolls (D:2)
  8 adders
  2 shadow imps
  9 oozes (Sewer)
  5 worms
  A dart slug (D:3)
  11 leopard geckos
  12 orcs
  13 ball pythons
  8 bats
  9 giant cockroaches
  7 goblins
  5 hobgoblins
  5 jackals
  3 quokkas
  14 frilled lizards
  8 kobolds
  A leopard gecko zombie (D:5)
  6 rats
  A fungus (D:5)
  A toadstool (D:5)
184 creatures vanquished.

Vanquished Creatures (others)
  3 toadstools (D:5)
3 creatures vanquished.

Grand Total: 187 creatures vanquished

Notes
Turn   | Place    | Note
-------+----------+-------------------------------------------
     0 | D:1      | Faels the Demonspawn Assassin began the quest for the Orb.
     0 | D:1      | Reached XP level 1. HP: 16/16 MP: 1/1
    44 | D:1      | Reached skill level 2 in Short Blades
   498 | D:1      | Gained mutation: You are slightly more attuned to the
                  | shadows. [demonic ancestry]
   498 | D:1      | Reached XP level 2. HP: 22/22 MP: 2/2
  1266 | D:2      | Reached skill level 1 in Dodging
  1276 | D:2      | Reached skill level 3 in Short Blades
  1460 | D:2      | Gained mutation: When hurt, damage is shared between your
                  | health and your magic reserves. [demonic ancestry]
  1460 | D:2      | Reached XP level 3. HP: 27/27 MP: 3/3
  1536 | D:2      | Reached skill level 1 in Shields
  1685 | D:2      | Gained mutation: You have large cloven feet. [demonic
                  | ancestry]
  1685 | D:2      | Reached XP level 4. HP: 14/33 MP: 1/4
  2084 | D:2      | Found a transporter.
  2086 | D:2      | Found an opulent altar of Gozag.
  2087 | D:2      | Found a hide-covered altar of Uskayaw.
  2092 | D:2      | Found a shadowy altar of Dithmenos.
  2107 | D:2      | Found a transporter.
  2162 | D:2      | Reached skill level 4 in Short Blades
  2162 | D:2      | Reached XP level 5. HP: 32/38 MP: 0/5
  2996 | D:3      | Noticed Terence
  3032 | D:3      | Killed Terence
  3683 | D:3      | Gained mutation: You have hoof-like feet. [demonic
                  | ancestry]
  3683 | D:3      | Reached XP level 6. HP: 13/44 MP: 1/6
  4177 | D:4      | Found a white marble altar of Elyvilon.
  4209 | D:4      | Found a glowing drain.
  4221 | Sewer    | Entered a sewer
  4583 | Sewer    | Reached skill level 5 in Short Blades
  4728 | Sewer    | Gained mutation: You have hooves in place of feet. [demonic
                  | ancestry]
  4728 | Sewer    | Reached XP level 7. HP: 42/50 MP: 4/7
  5265 | D:4      | Noticed Edmund
  5298 | D:4      | Killed Edmund
  5671 | D:4      | Reached skill level 6 in Short Blades
  5775 | D:5      | Entered Level 5 of the Dungeon
  6036 | D:5      | Found a radiant altar of Vehumet.
  6037 | D:5      | Found a shattered altar of Ashenzari.
  6042 | D:5      | Found a shimmering altar of Xom.
  6042 | D:5      | Found an iron altar of Okawaru.
  6042 | D:5      | Found a hazy altar of Hepliaklqana.
  6044 | D:5      | Found a snail-covered altar of Cheibriados.
  6045 | D:5      | Found a bloodstained altar of Trog.
  6153 | D:5      | Became a worshipper of Warmaster Okawaru
  6187 | D:5      | Reached XP level 8. HP: 56/56 MP: 8/8
  6290 | D:5      | Found Jirren's Magic Scroll Emporium.
  6316 | D:5      | Bought a scroll of identify for 24 gold pieces
  6316 | D:5      | Bought a scroll of identify for 24 gold pieces
  6316 | D:5      | Bought a scroll of identify for 24 gold pieces
  6316 | D:5      | Bought a scroll of identify for 24 gold pieces
  6316 | D:5      | Bought a scroll of teleportation for 36 gold pieces
  6316 | D:5      | Bought a scroll of teleportation for 36 gold pieces
  6316 | D:5      | Bought a scroll of enchant armour for 90 gold pieces
  6486 | D:5      | Found a burning altar of Makhleb.
  6579 | D:6      | Noticed Guenter's ghost (novice VSWn)
  6658 | D:6      | Reached skill level 7 in Short Blades
  6693 | D:6      | Noticed Maggie
  6702 | D:6      | Killed Maggie
  6702 | D:6      | Reached * piety under Okawaru
  6943 | D:6      | Found a runed translucent gate.
  6943 | D:6      | Found a runed translucent gate.
  6944 | D:6      | Found a runed translucent gate.
  6977 | D:6      | Reached skill level 1 in Long Blades
  7243 | D:6      | Found a staircase to the Ecumenical Temple.
  7258 | Temple   | Entered the Ecumenical Temple
  7374 | D:6      | Noticed Duvessa
  7375 | D:6      | Noticed Dowan
  7393 | D:6      | Killed Duvessa
  7393 | D:6      | Reached XP level 9. HP: 56/61 MP: 4/9
  7397 | D:6      | Killed Dowan
  7635 | D:6      | Reached ** piety under Okawaru
  7825 | D:6      | Reached skill level 5 in Long Blades
  8630 | D:7      | Found a stormy altar of Qazlal.
  8632 | D:7      | Found Aloocibi's Food Shoppe.
  8719 | D:7      | Slain by an orc warrior

Levels and vault maps discovered:
D:1:      erik_arrival_cave_to_civilisation [erik_arrival_cave_to_hall],
          layout_basic, grunt_decor_cap
D:2:      layout_loops_ring, gammafunk_temple_overflow_arena
D:3:      layout_basic, first_ration, grunt_ministairs_8, uniq_terence
D:4:      layout_cave_pods, lemuel_doored_altar, cheibrodos_sewer_entry_sluice,
          kennysheep_cross_room, minivault_14, uniq_edmund
D:5:      layout_basic, grunt_temple_overflow_open, marbit_many_paths,
          serial_shops, shop, minmay_gold_behind_fungi, minmay_small_thing
D:6:      minmay_octagon_keep, layout_basic, minmay_temple_entry_mist,
          gammafunk_ghost_split, uniq_maggie, uniq_duvessa, uniq_sigmund
D:7:      layout_basic, grunt_qazlal_clouds, serial_shops, nicolae_shop_stone
Temple:   dpeg_three_leaves_temple

Skill      XL: |  1  2  3  4  5  6  7  8  9 |
---------------+----------------------------+-----
Short Blades   | 2 3 4 5 6 7 |  7.7
Dodging        | 1 2 3 4 |  4.9
Shields        | 1 2 3 4 |  4.8
Long Blades    | 3 6 |  6.3
Fighting       | |  2.0
Throwing       | |  1.7
Stealth        | |  3.6

Action                   |  1- 3 |  4- 6 |  7- 9 || total
-------------------------+-------+-------+-------++-------
Melee: Dagger            |   114 |   278 |   258 ||   650
       Kick              |       |    72 |   129 ||   201
       Unarmed           |       |    18 |       ||    18
       Long sword        |       |       |   149 ||   149
Throw: Dart              |    10 |    13 |     6 ||    29
       Boomerang         |       |       |     9 ||     9
Invok: Heroism           |       |       |     5 ||     5
Evoke: Wand              |       |       |     3 ||     3
  Use: Potion            |       |     5 |     1 ||     6
       Scroll            |       |       |    12 ||    12
 Stab: Sleeping          |     9 |     6 |     9 ||    24
       Paralysed         |       |       |     2 ||     2
  Eat: Chunk             |     2 |    10 |    10 ||    22
       Ration            |       |       |     1 ||     1
Armor: Robe              |    31 |    13 |       ||    44
       Ring mail         |       |    49 |    35 ||    84
       Skin              |       |     3 |       ||     3
       Steam dragon scal |       |       |    24 ||    24
Dodge: Dodged            |    27 |    56 |    54 ||   137
Block: Tower shield      |    28 |   148 |   280 ||   456
       Rpst.: Long sword |       |       |     9 ||     9

Table legend:
 A = Non-vault XP
 B = Vault XP
 C = Vault XP percentage of total XP
 D = Non-vault monster count
 E = Vault monster count
 F = Vault count percentage of total count
                 A         B        C        D         E       F
            +---------+---------+-------+---------+---------+-------
      Total |    2560 |    1702 |  39.9 |     117 |      65 |  35.7
            +---------+---------+-------+---------+---------+-------
        D:1 |      21 |       3 |  12.5 |      14 |       2 |  12.5
        D:2 |     193 |       0 |   0.0 |      39 |       0 |   0.0
        D:3 |     151 |      42 |  21.8 |      12 |       3 |  20.0
        D:4 |     261 |     159 |  37.9 |       9 |       2 |  18.2
        D:5 |     496 |     105 |  17.5 |      15 |       2 |  11.8
        D:6 |     901 |    1077 |  54.4 |      18 |      13 |  41.9
        D:7 |     537 |       0 |   0.0 |      10 |       0 |   0.0
      Sewer |       0 |     316 | 100.0 |       0 |      43 | 100.0
            +---------+---------+-------+---------+---------+-------
